 Dungeon Crawl Stone Soup version 0.31-a0-263-ge8cad7f256 (webtiles) character file.

Game seed: 15741072710149859928

966 Pooter the Chopper (level 7, -4/94 HPs)
             Began as a Minotaur Berserker on July 13, 2023.
             Was a Priest of Trog.
             Slain by Prince Ribbit (12 damage)
             ... on level 6 of the Dungeon.
             The game lasted 00:21:06 (4754 turns).

Pooter the Chopper (Minotaur Berserker)             Turns: 4754, Time: 00:21:07

Health: -4/94      AC: 11    Str: 23    XL:     7   Next: 93%
Magic:  6/6        EV:  7    Int:  4    God:    Trog [***...]
Gold:   296        SH:  0    Dex: 10    Spells: 6/6 levels left

rFire   . . .        a - +1 battleaxe
rCold   . . .        (shield currently unavailable)
rNeg    . . .        v - +0 plate armour
rPois   +            (helmet restricted)
rElec   .            (no cloak)
rCorr   .            (no gloves)
SInv    .            (no boots)
Will    .....        (no amulet) Stlth
                     P - ring of poison resistance
HPRegen 0.35/turn    (no ring)
MPRegen 0.10/turn

%: no passive effects
@: berserking, very quick
A: horns 2, retaliatory headbutt
a: Renounce Religion, Berserk, Trog's Hand


You were on level 6 of the Dungeon.
You worshipped Trog.
Trog was most pleased with you.
You visited 1 branch of the dungeon, and saw 6 of its levels.
You also visited: Sewer.

You collected 426 gold pieces.
You spent 130 gold pieces at shops.

Inventory:

Hand Weapons
 a - a +1 battleaxe (weapon)
   (You found it on level 2 of the Dungeon)
 b - a +0 orcbow
   (You took it off a centaur on level 5 of the Dungeon)
 E - the +1 mace of the Messenger {spect, rF- rCorr MP+9 Int+3}
   (You found it on level 6 of the Dungeon)

   Int:       It affects your intelligence (+3).
   rF:        It makes you vulnerable to fire.
   MP:        It affects your magic capacity (+9).
   rCorr:     It protects you from acid and corrosion.
Missiles
 o - 22 poisoned darts (quivered)
 x - 5 javelins
 z - 3 boomerangs
 Q - 56 stones
Armour
 v - a +0 plate armour (worn)
   (You found it on level 3 of the Dungeon)
Jewellery
 P - a ring of poison resistance (left hand)
   (You found it on level 5 of the Dungeon)
Wands
 w - a wand of polymorph (7)
   (You found it on level 3 of the Dungeon)
 D - a wand of charming (8)
   (You took it off an orc on level 5 of the Dungeon)
Scrolls
 c - a scroll of enchant weapon
 g - 3 scrolls of poison {!r}
 i - 2 scrolls of revelation
 m - a scroll of amnesia {unknown}
 t - 2 scrolls of teleportation {@r4}
 u - a scroll of fog {unknown}
 y - a scroll of silence {unknown}
 B - 2 scrolls of vulnerability {unknown}
 C - a scroll of identify {unknown}
Potions
 d - 2 potions of attraction {!q}
 e - a potion of curing {unknown}
 f - 3 potions of magic {unknown}
 h - 4 potions of heal wounds {unknown}
 j - a potion of lignification {unknown}
 k - a potion of enlightenment {unknown}
 l - 4 potions of might {unknown}
 n - 2 potions of ambrosia {unknown}
 p - 4 potions of haste {unknown}
 q - a potion of resistance {unknown}
 r - a potion of cancellation {unknown}
 s - a potion of invisibility {unknown}
 A - 2 potions of brilliance {unknown}


   Skills:
 + Level 6.1 Fighting
 * Level 7.7 Axes
 * Level 4.4 Ranged Weapons
 - Level 2.4 Armour
 - Level 2.1 Dodging
 - Level 3.3 Stealth


You had 6 spell levels left.
You didn't know any spells.
Your spell library was empty.

Dungeon Overview and Level Annotations

Branches:
Dungeon (6/15) Zot: 26885   Sewer (visited)
 Temple: D:4-7

Altars:
Cheibriados
Hepliaklqana
Makhleb
Trog
Uskayaw
Wu Jian

Shops:
D:2 (   D:5 *=((

Annotations:
D:6 Prince Ribbit


Innate Abilities, Weirdness & Mutations

You have a pair of horns on your head.
You reflexively headbutt those who attack you in melee.


Message History

Trog accepts your kill.
g - 3 scrolls of poison {!r} (gained 1)
You now have enough gold to buy a +3 orcbow of freezing on D:5.
You can access your shopping list by pressing '$'.
You now have 296 gold pieces (gained 19).
Found a scroll of poison.
Prince Ribbit and an ice beast come into view.
Prince Ribbit croaks.
Prince Ribbit blinks!
Aiming: Charm
Press: ? - help, Shift-Dir - straight line, f - Prince Ribbit
Aim: Prince Ribbit (chance to affect: 31%) Prince Ribbit easily resists.
Aiming: Charm
Press: ? - help, Shift-Dir - straight line, f/p - Prince Ribbit
Aim: Prince Ribbit (chance to affect: 31%) Prince Ribbit easily resists.
Aiming: Charm
Press: ? - help, Shift-Dir - straight line, f/p - Prince Ribbit
Aim: Prince Ribbit (chance to affect: 31%) Prince Ribbit easily resists.
Prince Ribbit closely misses you. You furiously retaliate!
You headbutt Prince Ribbit! You barely miss Prince Ribbit.
Prince Ribbit hits you but does no damage.
Prince Ribbit hits you!
You hit Prince Ribbit. You headbutt Prince Ribbit. Prince Ribbit hits you.
The ice beast hits you but does no damage.
Prince Ribbit hits you but does no damage.
You closely miss Prince Ribbit. You slash the ice beast!
Prince Ribbit winks and puckers his lips.
Prince Ribbit barely misses you.
The ice beast hits you but does no damage.
Unknown command.
You hit Prince Ribbit. Your headbutt misses Prince Ribbit.
You closely miss the ice beast. Prince Ribbit hits you! Prince Ribbit hits you!
* * * LOW HITPOINT WARNING * * *
The ice beast hits you.
* * * LOW HITPOINT WARNING * * *
The ice beast freezes you!
* * * LOW HITPOINT WARNING * * *
A red film seems to cover your vision as you go berserk!
You feel yourself moving faster!
You feel mighty! Prince Ribbit barely misses you. The ice beast hits you.
* * * LOW HITPOINT WARNING * * *
The ice beast freezes you!
* * * LOW HITPOINT WARNING * * *
Prince Ribbit hits you!
You die...

... ...... ...... ......
######..... #..........
#######......#
#.....[......#####
#+#+###.........@F......
.....##..........Y......
.....##.................
.....##...............?.
.....##.................
.....##.................
.....'........).........
.....########...........
..................


You could see Prince Ribbit and an ice beast.

Vanquished Creatures
  2 centaurs (D:5)
  A kobold brigand (Sewer)
  A bullfrog (D:6)
  A jelly (D:5)
  3 hounds
  4 orc priests
  5 iguanas
  2 orc wizards
  Robin (D:3)
  10 adders
  A white imp (D:6)
  4 worms
  2 dart slugs
  16 orcs
  6 endoplasms
  4 giant cockroaches (D:3)
  14 goblins
  11 hobgoblins
  5 jackals
  2 quokkas
  6 ball pythons
  12 bats
  4 frilled lizards
  16 kobolds
  10 rats
  A spectral goblin (D:3)
144 creatures vanquished.

Notes
Turn   | Place    | Note
-------+----------+-------------------------------------------
     0 | D:1      | Pooter the Minotaur Berserker began the quest for the Orb.
     0 | D:1      | Reached XP level 1. HP: 19/19 MP: 0/0
   154 | D:1      | Reached XP level 2. HP: 17/27 MP: 1/1
   155 | D:1      | Reached skill level 4 in Axes
   223 | D:1      | Reached skill level 1 in Stealth
   625 | D:2      | Reached XP level 3. HP: 33/33 MP: 2/2
   704 | D:2      | Reached ** piety under Trog
   752 | D:2      | Found Qetopsin's Weapon Boutique.
   912 | D:2      | Found a snail-covered altar of Cheibriados.
  1370 | D:3      | Found a glowing drain.
  1378 | D:3      | Reached XP level 4. HP: 40/40 MP: 3/3
  1431 | Sewer    | Entered a sewer
  1516 | Sewer    | Reached skill level 5 in Axes
  1532 | Sewer    | Noticed a kobold brigand
  1537 | Sewer    | Killed a kobold brigand
  1538 | Sewer    | Reached XP level 5. HP: 47/47 MP: 4/4
  1955 | D:3      | Found a bloodstained altar of Trog.
  2027 | D:3      | Reached *** piety under Trog
  2119 | D:3      | Reached XP level 6. HP: 51/55 MP: 5/5
  2386 | D:3      | Found a faded altar of an unknown god.
  2446 | D:3      | Noticed Robin
  2454 | D:3      | Killed Robin
  2455 | D:3      | Reached skill level 5 in Fighting
  2672 | D:4      | Reached skill level 6 in Axes
  2672 | D:4      | Reached skill level 1 in Ranged Weapons
  2721 | D:4      | Found an ornate altar of the Wu Jian Council.
  3038 | D:4      | Reached XP level 7. HP: 43/61 MP: 6/6
  3502 | D:5      | Entered Level 5 of the Dungeon
  3571 | D:5      | Found Qinum's Weapon Boutique.
  3678 | D:5      | Noticed a +0 spear
  3679 | D:5      | Noticed a +0 short sword
  3680 | D:5      | Noticed a +0 dagger
  3680 | D:5      | Noticed a +0 short sword
  3681 | D:5      | Noticed a +0 spear
  3681 | D:5      | Noticed a +0 falchion
  3681 | D:5      | Noticed a +0 dagger
  3682 | D:5      | Noticed a +0 falchion
  3683 | D:5      | Found Naezofy's General Store.
  3693 | D:5      | Bought a potion of attraction for 39 gold pieces
  3693 | D:5      | Bought a scroll of poison for 52 gold pieces
  3693 | D:5      | Bought a scroll of teleportation for 39 gold pieces
  3763 | D:5      | Found a hide-covered altar of Uskayaw.
  3788 | D:5      | Reached skill level 7 in Axes
  3806 | D:5      | Found Lixedi Bima's Jewellery Shop.
  3894 | D:5      | Found Bofyan's Weapon Boutique.
  3944 | D:5      | Found a hazy altar of Hepliaklqana.
  3989 | D:5      | Found a burning altar of Makhleb.
  4710 | D:6      | Identified the +1 mace of the Messenger {spect, rF- rCorr
                  | MP+9 Int+3}
  4746 | D:6      | Noticed Prince Ribbit
  4754 | D:6      | Slain by Prince Ribbit

Illustrated notes

Levels and vault maps discovered:
D:1:      dpeg_arrival_orchard, layout_rooms, chequers_serial_rivers_room_a
D:2:      layout_loops_ring, serial_shops, shop, basic_altar
D:3:      layout_loops_cross, bloody_trog,
          dreamdust_ecumenical_altar_drowned_temple, gup_sewer_entry_glass,
          minmay_circle_x, uniq_robin
D:4:      layout_basic, mainiacjoe_overflow_small_starburst,
          minmay_misc_feat_encased
D:5:      nicolae_cairo_tiling_large_dashed, layout_cave_pods,
          nicolae_uskayaw_en_pointe, nicolae_hepliaklqana_hazy_memory,
          amcnicky_altar_gilded, serial_shops, nicolae_diamond_shop, shop, shop,
          nicolae_shop_just_a_little_nook
D:6:      layout_basic, temple_green, uniq_prince_ribbit1

Skill      XL: |  1  2  3  4  5  6  7 |
---------------+----------------------+-----
Axes           | 4 5 6 7 |  7.7
Stealth        | 1 2 3 |  3.3
Fighting       | 4 5 6 |  6.1
Ranged Weapons | 2 4 |  4.4
Armour         | |  2.4
Dodging        | |  2.1

Action                     |  1- 3 |  4- 6 |  7- 9 || total
---------------------------+-------+-------+-------++-------
  Melee: Hand axe          |    61 |       |       ||    61
         Headbutt          |    12 |     6 |    11 ||    29
         Battleaxe         |    22 |   142 |    54 ||   218
   Fire: Sling             |       |     7 |     1 ||     8
         Orcbow            |       |       |    25 ||    25
 Invoke: Berserk           |     1 |     5 |     2 ||     8
         Trog's Hand       |       |     3 |     1 ||     4
  Evoke: Wand              |       |       |     3 ||     3
    Use: Scroll            |       |     1 |     1 ||     2
   Stab: Sleeping          |     2 |     1 |       ||     3
 Armour: Animal skin       |    14 |    26 |       ||    40
         Chain mail        |       |    21 |       ||    21
         Plate armour      |       |    62 |    64 ||   126
  Dodge: Dodged            |    64 |    99 |    40 ||   203

Table legend: (Time is in decaauts)
 A = Elapsed time spent in this place.
 B = Non-inter-level travel time spent in this place.
 C = Inter-level travel time spent in this place.
 D = Time resting spent in this place.
 E = Time spent auto-exploring this place.
 F = Levels seen in this place.
 G = Mean time per level.
                   A        B        C        D        E       F      G
               +--------+--------+--------+--------+--------+-----+--------+
         Total |   4961 |   4877 |     84 |    654 |   3193 |   7 |  708.7 |
       Dungeon |   4457 |   4373 |     84 |    498 |   2998 |   6 |  742.8 |
         Sewer |    504 |    504 |      0 |    155 |    194 |   1 |  504.0 |
               +--------+--------+--------+--------+--------+-----+--------+

Top non-repeatable levels by time:
     D:5: 1174 daAuts
     D:4: 919 daAuts
     D:3: 899 daAuts
     D:2: 896 daAuts
   Sewer: 504 daAuts
     D:1: 454 daAuts
     D:6: 113 daAuts
